Map: Lightshade LE

Players

SpeCial - Winner!

  • Race: Terran Terran

Kelazhur

  • Race: Terran Terran

Event: DreamHack SC2 Masters 2021 Winter

VOD

Have the link to the VOD?

Description

Time

  • Played on: Oct. 2, 2021, 5:12 p.m.
  • Length: 7:19

All games in this series

Show
View Real Time Build Order
Export as new Build Order

SpeCial Terran - Winner!

Build Orders: Liberator Opening 

Get SALT Encoding   

  12  0:00  SCV  
  13  0:12  SCV  
  14  0:17  Supply Depot  
  14  0:24  SCV  
  15  0:38  SCV  
  15  0:40  Barracks  
  16  0:43  Refinery  
  16  0:50  SCV  
  16  0:52  Refinery  
  17  1:02  SCV  
  18  1:15  SCV  
  19  1:27  Supply Depot  
  19  1:28  Reaper, Orbital Command  
  20  1:43  Factory  
  20  1:54  SCV  
  20  2:00  Reaper  
  22  2:06  SCV  
  23  2:18  SCV  
  24  2:23  Command Center  
  24  2:28  Hellion  
  26  2:31  SCV  
  27  2:39  Starport  
  27  2:41  Barracks Reactor  
  27  2:43  SCV  
  28  2:52  Supply Depot  
  28  2:54  Widow Mine  
  28  2:58  SCV  
  31  3:13  SCV  
  31  3:15  Liberator  
  31  3:18  Marine x2  
  31  3:19  Refinery, Factory Tech Lab  
  37  3:25  SCV  
  38  3:36  Orbital Command  
  38  3:37  SCV  
  38  3:40  Marine x2  
  41  3:45  Siege Tank  
  41  3:58  SCV, Marine x2  
  41  4:02  SCV  
  41  4:10  SCV  
  41  4:14  SCV  
  41  4:15  Marine  
  41  4:16  Marine  
  42  4:17  Siege Tank  
  42  4:23  SCV  
  45  4:26  SCV  
  45  4:33  Marine x2  
  45  4:35  SCV  
  45  4:36  Medivac  
  50  4:42  SCV  
  51  4:46  Supply Depot  
  51  4:48  SCV  
  51  4:51  Marine x2  
  54  5:06  Starport Tech Lab  
  54  5:07  SCV x2, Siege Tank  
  54  5:08  Supply Depot  
  54  5:09  Marine x2  
  61  5:19  SCV  
  62  5:27  Supply Depot  
  62  5:29  SCV, Raven, Marine x2  
  62  5:31  Supply Depot, SCV  
  68  5:41  SCV  
  69  5:44  SCV  
  69  5:48  Siege Tank, Marine x2  
  75  5:51  Supply Depot  
  75  5:53  SCV  
  75  5:56  SCV  
  77  6:06  SCV, Marine x2  
  77  6:08  SCV  
  81  6:12  Raven  
  81  6:16  Command Center  
  81  6:18  SCV  
  84  6:20  SCV, Siege Tank  
  84  6:23  Marine x2  
  90  6:30  SCV  
  90  6:31  Supply Depot  
  90  6:32  SCV, Refinery  
  92  6:41  Marine x2  
  92  6:42  SCV  
  92  6:50  SCV  
  96  6:59  Marine x2  
  96  7:00  SCV  
  84  7:16  Barracks  
  84  7:17  Engineering Bay x2  
  84  7:18  Barracks  
Show
View Real Time Build Order
Export as new Build Order

Kelazhur Terran 

Build Orders:  

Get SALT Encoding   

  12  0:00  SCV  
  13  0:12  SCV  
  14  0:17  Supply Depot  
  14  0:24  SCV  
  15  0:38  SCV  
  15  0:40  Barracks  
  16  0:43  Refinery  
  16  0:50  SCV  
  17  0:57  Refinery  
  17  1:03  SCV  
  18  1:15  SCV  
  19  1:27  Reaper, Orbital Command  
  19  1:29  Supply Depot  
  20  1:42  Factory  
  20  1:52  SCV  
  21  1:59  Barracks Reactor  
  21  2:04  SCV  
  22  2:16  Command Center  
  22  2:18  SCV  
  23  2:26  Hellion  
  25  2:31  SCV  
  25  2:36  Supply Depot  
  26  2:38  Reaper x2  
  26  2:43  SCV  
  29  2:47  Hellion  
  31  2:56  SCV  
  31  3:08  SCV  
  31  3:09  Hellion  
  31  3:10  Reaper x2  
  36  3:13  Supply Depot  
  36  3:17  Starport  
  36  3:21  SCV  
  37  3:30  Factory Tech Lab  
  37  3:33  SCV  
  36  3:41  Orbital Command  
  36  3:43  Marine x2  
  36  3:46  SCV  
  39  3:48  Refinery  
  39  3:53  Cyclone  
  41  3:58  SCV  
  41  4:01  Marine x2  
  41  4:02  Starport Tech Lab  
  39  4:10  SCV  
  39  4:12  SCV  
  41  4:22  SCV  
  41  4:24  SCV, Raven  
  41  4:26  Marine x2  
  44  4:31  Siege Tank  
  44  4:35  SCV  
  44  4:36  SCV  
  49  4:44  Marine x2  
  51  4:51  SCV  
  51  4:56  SCV  
  52  5:02  Marine x2  
  52  5:03  Supply Depot, SCV  
  55  5:08  SCV  
  55  5:09  Siege Tank  
  58  5:15  SCV  
  58  5:18  Raven  
  58  5:20  SCV  
  62  5:24  Marine x2  
  62  5:25  Supply Depot  
  62  5:27  SCV  
  65  5:32  SCV  
  64  5:39  SCV  
  64  5:42  Siege Tank, Command Center  
  68  5:47  Supply Depot  
  68  5:51  SCV  
  66  6:02  SCV  
  69  6:05  SCV  
  63  6:14  SCV  
  63  6:15  Refinery  
  63  6:17  SCV  
  65  6:23  Viking x2  
  67  6:26  SCV  
  67  6:28  Siege Tank  
  67  6:32  SCV  
  68  6:43  Marine  
  69  6:58  SCV  
  69  7:01  Marine  
  54  7:05  SCV  

Tags
 
Add a new tag
Caveats
  • Supply blocks, unpowered buildings, or Contaminate may cause inaccurate times.
  • Supply counts are checked every 10 seconds.